AoeStats
← ddmgsxis89228

Nomad

510554234Analyzed
4v4 RM · 17h ago on Oct 1, 2026· 57m 34s· 8 players
Game mode
Random Map
Map size
231×231
Population
200
Speed
Normal
Resources
Standard
Victory
Conquest
Starting age
Dark Age
Ending age
Imperial Age
RankedLock teamsTeams togetherTeam positionsShared explorationLock speedFull tech treeHidden civsTurbo modeCheats
Victory
Defeat
🇨🇳 Chinese · China
996
+14
🇮🇹 Slavs · Italy
984
+15
🇨🇭 Khmer · Switzerland
982
+15
🇪🇪 Dravidians · Estonia
899
+17
🇮🇩 Sicilians · Indonesia
993
-17
🇨🇳 Huns · China
974
-16
🇮🇩 Khitans · Indonesia
958
-16
🇮🇩 Huns · Indonesia
878
-12
Teninesick
6:31 Loom
18:52 Feudal Age
23:43 Castle Age
22:26 Forging
22:22 Scale Barding Armor
22:57 Bloodlines
23:59 Wheelbarrow
23:29 Fishing Lines
24:30 Husbandry
25:23 Double-Bit Axe
25:32 Gold Mining
27:46 Bow Saw
28:16 Gold Shaft Mining
27:45 Stone Mining
28:52 Light Cavalry
29:34 Town Watch
30:59 Iron Casting
32:59 Chain Barding Armor
38:01 Imperial Age
40:43 Imperial Age
40:43 Cavalier
47:10 Blast Furnace
ddmgsxis89228
7:27 Loom
16:04 Feudal Age
22:23 Castle Age
21:09 Forging
22:30 Light Cavalry
23:48 Iron Casting
23:19 Domestication
34:52 Imperial Age
45:16 Wheelbarrow
51:00 Hand Cart
51:52 Heavy Camel Rider
52:33 Husbandry
55:22 Ordo Cavalry
56:04 Scale Barding Armor
57:10 Chain Barding Armor
Sleeperis4065
15:13 Feudal Age
13:30 Loom
17:12 Man-at-Arms
24:16 Castle Age
1829032
8:26 Loom
13:48 Feudal Age
15:58 Double-Bit Axe
17:56 Forging
17:58 Bloodlines
21:04 Castle Age
19:17 Horse Collar
20:18 Scale Barding Armor
21:47 Gold Mining
24:49 Heavy Plow
26:59 Chain Barding Armor
27:33 Husbandry
29:08 Iron Casting
29:30 Wheelbarrow
35:01 Imperial Age
32:35 Marauders
33:10 Hand Cart
34:17 Fletching
35:03 Town Watch
43:03 Murder Holes
44:10 Chemistry
45:42 Stone Mining
46:30 Pikeman
52:28 Masonry
52:43 Scale Mail Armor
55:29 Bodkin Arrow
Myrakaru
3:00 Loom
14:35 Feudal Age
15:09 Horse Collar
15:26 Gold Mining
20:29 Castle Age
18:21 Fletching
18:46 Padded Archer Armor
19:56 Wheelbarrow
21:33 Double-Bit Axe
21:48 Bodkin Arrow
21:56 Heavy Plow
22:40 Ballistics
24:41 Thumb Ring
26:07 Bow Saw
27:23 Husbandry
26:44 Light Cavalry
33:13 Imperial Age
31:31 Scale Barding Armor
31:42 Leather Archer Armor
33:54 Bracer
34:56 Chemistry
39:05 Chain Barding Armor
39:16 Ring Archer Armor
38:56 Forging
39:54 Hand Cart
42:04 Stone Mining
43:31 Medical Corps
43:49 Conscription
46:07 Two-Man Saw
45:21 Forging
49:08 Iron Casting
LeinaD
3:27 Loom
16:44 Feudal Age
18:18 Wheelbarrow
21:30 Castle Age
19:32 Double-Bit Axe
19:48 Horse Collar
20:11 Stone Mining
20:38 Gold Mining
22:27 Hand Cart
22:49 Bow Saw
22:42 Heavy Plow
24:31 Pikeman
27:37 Squires
28:28 Forging
36:34 Imperial Age
33:26 Man-at-Arms
35:32 Iron Casting
34:58 Scale Mail Armor
34:29 Long Swordsman
37:39 Conscription
37:20 Druzhina
36:48 Two-Handed Swordsman
37:50 Champion
39:06 Chain Mail Armor
40:30 Blast Furnace
39:47 Town Watch
40:36 Plate Mail Armor
42:00 Crop Rotation
43:22 Halberdier
46:11 Detinets
51:22 Gold Shaft Mining
53:43 Town Patrol
山海
3:30 Loom
15:35 Feudal Age
20:51 Castle Age
23:22 Horse Collar
23:31 Double-Bit Axe
25:56 Bow Saw
26:48 Scale Mail Armor
26:59 Forging
34:35 Padded Archer Armor
37:29 Iron Casting
39:09 Chain Mail Armor
42:24 Imperial Age
44:26 Imperial Age
42:47 Pikeman
45:51 Wheelbarrow
47:03 Halberdier
50:56 Blast Furnace
50:53 Plate Mail Armor
50:32 Squires
50:20 Arson
54:23 Chemistry
53:28 Fletching
RasantrasendesNilpferd
10:31 Loom
12:16 Feudal Age
18:28 Castle Age
28:11 Fletching
29:30 Medium Warships
32:19 Town Watch
33:10 Wheelbarrow
35:19 Hand Cart
35:21 Bodkin Arrow
40:26 Imperial Age
38:58 Scale Mail Armor
42:36 Pikeman
46:14 Chain Mail Armor
48:37 Halberdier
52:55 Forging
54:58 Iron Casting
56:50 Conscription
Connection lost

Rejoining the realm…

Still unreachable

The connection could not be restored.

Session expired

The server has moved on; the page needs a fresh start.